 Seeded DCSS version 0.28.0-47-ge53b351184 (webtiles) character file.

Game seed: 11284124041852380858 (custom seed)

273 oldmanjim the Chucker (level 6, -3/66 HPs)
             Began as an Ogre Hunter on Apr 27, 2022.
             Was a Believer of Elyvilon.
             Slain by a phantom (4 damage)
             ... on level 5 of the Dungeon on Apr 28, 2022.
             The game lasted 00:19:14 (2338 turns).

oldmanjim the Chucker (Ogre Hunter)                 Turns: 2338, Time: 00:19:15

Health: -3/66      AC:  4    Str: 19    XL:     6   Next: 23%
Magic:  6/6        EV:  9    Int: 17    God:    Elyvilon [**....]
Gold:   593        SH:  0    Dex:  6    Spells: 5/5 levels left

rFire   + . .      SeeInvis .   a - +0 short sword
rCold   . . .      Faith    .   (no shield)
rNeg    . . .      Spirit   .   b - +0 robe
rPois   .          Reflect  .   i - +1 hat "Zihitia" {rElec Int+5 Dex-3}
rElec   +          Harm     .   (no cloak)
rCorr   .          Rampage  .   (gloves unavailable)
Will    .....                   (boots unavailable)
Stlth   +.........              (no amulet)
HPRegen 0.21/turn               o - ring of protection from fire
MPRegen 0.10/turn               (no ring)

@: studying Fire Magic
A: large, unfitting armour, tough skin 1
a: Renounce Religion, Purification, Heal Other


You were on level 5 of the Dungeon.
You worshipped Elyvilon.
Elyvilon was pleased with you.
You visited 1 branch of the dungeon, and saw 6 of its levels.

You collected 777 gold pieces.
You spent 184 gold pieces at shops.

Inventory:

Hand Weapons
 a - a +0 short sword (weapon)
Missiles
 d - 2 throwing nets (quivered)
 h - 54 stones
Armour
 b - a +0 robe (worn)
 g - a +1 pair of boots
 i - the +1 hat "Zihitia" (worn) {rElec Int+5 Dex-3}
   (You acquired it on level 1 of the Dungeon)

   Int:       It affects your intelligence (+5).
   Dex:       It affects your dexterity (-3).
   rElec:     It insulates you from electricity.
Jewellery
 o - a ring of protection from fire (left hand)
Scrolls
 j - a scroll of vulnerability {unknown}
Potions
 e - a potion of cancellation
 f - a potion of flight {unknown}
 k - a potion of brilliance {unknown}
 l - a potion of invisibility {unknown}
 m - a potion of lignification {unknown}
 n - 2 potions of heal wounds {unknown}
 p - a potion of mutation {unknown}
 q - a potion of curing {unknown}


   Skills:
 - Level 5.0 Fighting
 + Level 5.3 Throwing
 - Level 1.7 Dodging
 - Level 0.6 Stealth
 + Level 3.1 Unarmed Combat


You had 5 spell levels left.
You didn't know any spells.
Your spell library was empty.

Dungeon Overview and Level Annotations

Branches:
Dungeon (6/15)
 Temple: D:4-7

Altars:
Elyvilon

Shops:
D:1 *


Innate Abilities, Weirdness & Mutations

You are too large for most types of armour.
You have tough skin. (AC +1)


Message History

The phantom would be completely unfazed by your meagre offer of peace.
Unknown command.
You are too injured to fight recklessly!
You are too injured to fight recklessly!
You closely miss the phantom.
The phantom is severely damaged.
The phantom hits you.
* * * LOW HITPOINT WARNING * * *
You hit the phantom. Your punch misses the phantom.
The phantom is almost destroyed.
The phantom hits you!
* * * LOW HITPOINT WARNING * * *
The phantom blinks!
You blink.
You barely miss the phantom.
The phantom is almost destroyed.
The phantom hits you.
* * * LOW HITPOINT WARNING * * *
The phantom blinks!
You blink.
You see here a large rock.
c - a large rock The phantom hits you but does no damage.
Throw: large rock
Press: ? - help, Q - select action, (/) - cycle Shift-Dir - straight line, f/p - phantom
Aim: a phantom (almost destroyed, 46% to hit)
You throw a large rock.
The large rock barely misses the phantom.
The phantom hits you but does no damage.
The phantom hits you.
* * * LOW HITPOINT WARNING * * *
You see here a large rock.
c - a large rock The phantom barely misses you.
Throw: large rock
Press: ? - help, Q - select action, (/) - cycle Shift-Dir - straight line, f/p - phantom
Aim: a phantom (almost destroyed, 46% to hit)
You throw a large rock. The large rock misses the phantom.
The phantom hits you.
* * * LOW HITPOINT WARNING * * *
The phantom hits you.
You die...

#.....<...#####†##.......
#.....(.(.# #.##.....(.
#..(......# ##'##.......
#.........# #...........
#......(..# #...........
#.......).# #...........
#.........# ####+####...
#.......W.# #...
#.....(.@.# #...
#####+##### #... #...
#... #... #... #... #...
####


You could see a phantom.

Vanquished Creatures
  A necrophage (D:5)
  A scorpion (D:5)
  2 hounds (D:5)
  A gnoll (D:1)
  An adder (D:6)
  A dart slug (D:3)
  5 bats
  5 goblins
  10 hobgoblins
  6 jackals
  2 kobolds
  4 ball pythons
  2 frilled lizards (D:2)
  3 rats
44 creatures vanquished.

Notes
Turn   | Place    | Note
-------+----------+-------------------------------------------
     0 | D:1      | oldmanjim the Ogre Hunter began the quest for the Orb.
     0 | D:1      | Reached XP level 1. HP: 22/22 MP: 1/1
    84 | D:1      | Found a faded altar of an unknown god.
    90 | D:1      | Prayed at the altar of an unknown god.
    90 | D:1      | Became a worshipper of Elyvilon the Healer
    90 | D:1      | Reached * piety under Elyvilon
   200 | D:1      | Reached XP level 2. HP: 27/31 MP: 2/2
   281 | D:1      | Found Coyxyfuv's Assorted Antiques.
   283 | D:1      | Identified 3 scrolls of acquirement
   283 | D:1      | Acquired a manual of Fire Magic
   284 | D:1      | Acquired the +1 hat "Zihitia" {rElec Int+5 Dex-3}
   285 | D:1      | Acquired 689 gold pieces
   302 | D:1      | Bought a scroll of identify for 38 gold pieces
   302 | D:1      | Bought a dark potion for 17 gold pieces
   302 | D:1      | Bought a bubbling ruby potion for 17 gold pieces
   302 | D:1      | Bought a green potion for 17 gold pieces
   302 | D:1      | Bought a cabochon ring for 95 gold pieces
   734 | D:2      | Reached skill level 1 in Unarmed Combat
   745 | D:2      | Reached ** piety under Elyvilon
  1065 | D:2      | Reached XP level 3. HP: 36/37 MP: 3/3
  1652 | D:3      | Reached XP level 4. HP: 39/48 MP: 4/4
  1659 | D:3      | You fall into a shaft and drop 3 floors!
  1749 | D:5      | Entered Level 5 of the Dungeon
  1749 | D:5      | Noticed a necrophage
  1761 | D:5      | Killed a necrophage
  1762 | D:5      | Reached XP level 5. HP: 26/55 MP: 5/5
  2160 | D:5      | Reached skill level 5 in Fighting
  2160 | D:5      | Reached skill level 5 in Throwing
  2161 | D:5      | Reached XP level 6. HP: 39/66 MP: 6/6
  2338 | D:5      | HP: 1/66 [phantom (6)]
  2338 | D:5      | Slain by a phantom

Illustrated notes

Levels and vault maps discovered:
D:1:      matt_arrival_refuge, layout_basic,
          hellmonk_ecumenical_altar_crossroads, serial_shops,
          nicolae_shop_statue_plus, serial_bayou_pond_b
D:2:      cheibrodos_greedy_goblins, layout_rooms
D:3:      layout_basic, serial_rivers, chequers_serial_rivers_micro_d,
          chequers_serial_rivers_micro_b, chequers_serial_rivers_large_a,
          chequers_serial_rivers_marsh, gammafunk_ghost_arena,
          gup_sewer_entry_spiral, minivault_24
D:4:      layout_basic, grunt_tough_drop
D:5:      lemuel_ice_spiral_2, layout_basic
D:6:      layout_basic, mainiacjoe_overflow_tiny_flanked,
          minmay_temple_entry_statues_pillars

Skill      XL: |  1  2  3  4  5 |
---------------+----------------+-----
Fighting       | 3 4 5 |  5.0
Unarmed Combat | 1 2 3 |  3.1
Throwing       | 5 |  5.3
Dodging        | |  1.7
Stealth        | |  0.6

Action                   |  1- 3 |  4- 6 || total
-------------------------+-------+-------++-------
Melee: Short sword       |   132 |    57 ||   189
       Punch             |     1 |       ||     1
Throw: Stone             |    31 |       ||    31
       Large rock        |     2 |    22 ||    24
  Use: Scroll            |     7 |       ||     7
 Stab: Sleeping          |     1 |       ||     1
Armor: Robe              |    69 |    34 ||   103
Dodge: Dodged            |    93 |    33 ||   126
